 Dungeon Crawl Stone Soup version 0.29.0-7-g18a832c13a (webtiles) character file.

Game seed: 13139319824263483699

202 ExZ the Digger (level 5, -1/28 HPs)
             Began as a Gargoyle Earth Elementalist on Aug 30, 2022.
             Slain by an orc wizard
             ... wielding a +0 dagger
              (4 damage)
             ... on level 3 of the Dungeon.
             The game lasted 00:06:35 (2605 turns).

ExZ the Digger (Gargoyle Earth Elementalist)        Turns: 2605, Time: 00:06:37

Health: -1/28      AC:  6    Str: 12    XL:     5   Next: 80%
Magic:  4/11       EV: 11    Int: 17    God:
Gold:   188        SH:  0    Dex: 10    Spells: 6/12 levels left

rFire   + . .      SeeInvis .   d - +2 whip (vamp)
rCold   + . .      Faith    .   (no shield)
rNeg    + . .      Spirit   .   a - +0 robe
rPois   ∞          Reflect  .   (no helmet)
rElec   +          Harm     .   (no cloak)
rCorr   +          Rampage  .   (no gloves)
Will    .....                   (no boots)
Stlth   ++........              (no amulet)
HPRegen 0.09/turn               (no ring)
MPRegen 0.12/turn               (no ring)

@: brilliant, resistant, attractive, flying, very slightly contaminated
A: sickness immunity, AC +4, negative energy resistance 1, electricity
resistance, torment resistance 1, petrification resistance
a: no special abilities


You were on level 3 of the Dungeon.
You visited 1 branch of the dungeon, and saw 3 of its levels.

You collected 188 gold pieces.

Inventory:

Hand Weapons
 d - a +2 vampiric whip (weapon)
Missiles
 m - a throwing net
Armour
 a - a +0 robe (worn)
 i - a +0 buckler
Scrolls
 c - a scroll of fear {unknown}
 e - 5 scrolls of teleportation {unknown}
 f - 3 scrolls of noise {unknown}
 k - 2 scrolls of identify {unknown}
 l - a scroll of poison {unknown}
 p - a scroll of enchant armour {unknown}
Potions
 b - a potion of magic


   Skills:
 - Level 1.5 Dodging
 - Level 4.0 Stealth
 - Level 4.0 Spellcasting
 + Level 1.8 Conjurations
 - Level 0.7 Transmutations
 + Level 4.3 Earth Magic


You had 6 spell levels left.
You knew the following spells:

 Your Spells              Type           Power      Damage    Failure   Level
a - Sandblast             Erth           54%        2d13      2%          1
b - Stone Arrow           Conj/Erth      40%        3d9       14%         3
c - Passwall              Tmut/Erth      15%        N/A       9%          2

Your spell library contained the following spells:

 Spells                   Type           Power      Damage    Failure   Level
 Petrify                  Tmut/Erth      18%        N/A       50%         4
 Conjure Ball Lightning   Conj/Air       4%         3x3d6     100%        6
 Dispersal                Tloc           2%         N/A       100%        6
 Discord                  Hex            2%         N/A       100%        8
 Disjunction              Tloc           2%         N/A       100%        8


Dungeon Overview and Level Annotations

Branches:
Dungeon (3/15)

Altars:

Annotations:
D:2 1 runed translucent door, Crazy Yiuf, Sigmund


Innate Abilities, Weirdness & Mutations

You are immune to sickness and miasma.
Your stone body is resilient. (AC +4)
You are immune to poison.
You resist negative energy. (rN+)
You are resistant to electric shocks. (rElec)
You are resistant to unholy torment.
You are immune to petrification.


Message History

You feel attractive to monsters.
Unknown command.
It was a potion of resistance.
You feel protected. The orc wizard closely misses you.
The orc hits you but does no damage.
Unknown command.
Unknown command.
Casting: Sandblast (safe; 3% risk of failure)
Confirm with . or Enter, or press ? or * to list all spells.
The spell is quite dangerous to miscast (16% risk of failure)!
Continue anyway?
Aiming: Stone Arrow (quite dangerous; 16% risk of failure)
Press: ? - help, Shift-Dir - straight line, f - orc wizard, p - orc
Aim: an orc wizard, wielding a +0 dagger and wearing a +0 robe (moderately wounded, 60% to hit)
You feel a surge of power!
You miscast Stone Arrow.
You are very lightly contaminated with residual magic.
Energy rips through your body.
* * * LOW HITPOINT WARNING * * *
The orc wizard hits you but does no damage.
The orc hits you but does no damage. Something is attracted toward you.
Unknown command.
Casting: Stone Arrow (quite dangerous; 16% risk of failure)
Confirm with . or Enter, or press ? or * to list all spells.
The spell is quite dangerous to miscast (16% risk of failure)!
Continue anyway?
Aiming: Stone Arrow (quite dangerous; 16% risk of failure)
Press: ? - help, Shift-Dir - straight line, f/p - orc wizard
Aim: an orc wizard, wielding a +0 dagger and wearing a +0 robe (moderately wounded, 60% to hit)
You feel a surge of power!
The stone arrow hits the orc wizard!!
You kill the orc wizard!
Unknown command.
Unknown command.
Something is attracted toward you. The orc is attracted toward you.
Casting: Stone Arrow (quite dangerous; 14% risk of failure)
Confirm with . or Enter, or press ? or * to list all spells.
Aiming: Sandblast (safe; 2% risk of failure)
Press: ? - help, Shift-Dir - straight line, f - orc
Aim: an orc, wielding a +0 flail and wearing a +3 ring mail (85% to hit)
You feel a surge of power!
The blast of sand hits the orc but does no damage.
Something hits you.
You die...

#........# ##.........
#..#####.## #......###.
#..####...#### #......#
#. #............#
#.#.#..# #.
#..####...##.###......#
## #...#
##.###.....###..###o
##..# #.#)§.§...# #..##.8
#..####.#.#§.##.###...#..
#..#....@o...##......##$8
#..#.#####...####÷#..# .
#....# #...........####
#....# #........).....o
#.##.# #....÷..########
#.##.#####........##
#.##...............#
#.########.........# #.#
#.........#


You could see an orc.

Vanquished Creatures
  A necrophage (D:3)
  A hound (D:3)
  An orc wizard (D:3)
  2 adders (D:2)
  2 worms
  2 dart slugs
  An orc (D:3)
  6 ball pythons
  3 endoplasms
  A giant cockroach (D:3)
  2 goblins
  4 hobgoblins
  7 jackals (D:1)
  3 kobolds
  3 quokkas
  8 bats
  4 frilled lizards (D:1)
  3 rats
54 creatures vanquished.

Notes
Turn   | Place    | Note
-------+----------+-------------------------------------------
     0 | D:1      | ExZ the Gargoyle Earth Elementalist began the quest for the
                  | Orb.
     0 | D:1      | Reached XP level 1. HP: 10/10 MP: 3/3
   188 | D:1      | Reached XP level 2. HP: 15/15 MP: 1/5
   540 | D:1      | Reached XP level 3. HP: 16/19 MP: 1/6
   789 | D:2      | Noticed Sigmund
   817 | D:1      | Learned a level 3 spell: Stone Arrow
   820 | D:1      | Learned a level 2 spell: Passwall
  1236 | D:2      | Found a runed translucent door.
  1237 | D:2      | Noticed Crazy Yiuf
  1266 | D:2      | Reached XP level 4. HP: 24/24 MP: 6/8
  1730 | D:3      | Noticed a necrophage
  1768 | D:3      | Killed a necrophage
  1769 | D:3      | Reached XP level 5. HP: 12/28 MP: 1/11
  1959 | D:3      | Reached skill level 1 in Conjurations
  2605 | D:3      | Slain by an orc wizard

Illustrated notes

Levels and vault maps discovered:
D:1:      amcnicky_arrival_gap_in_the_tavern_cellar, layout_rooms
D:2:      layout_rooms, uniq_sigmund, uniq_crazy_yiuf_cottage
D:3:      layout_loops_ring, kennysheep_orc_chapel

Skill      XL: |  1  2  3  4  5 |
---------------+----------------+-----
Stealth        | 3 4 |  4.0
Spellcasting   | 3 4 |  4.0
Conjurations   | 1 |  1.8
Earth Magic    | 4 |  4.3
Dodging        | |  1.5
Transmutations | |  0.7

Action                   |  1- 3 |  4- 6 || total
-------------------------+-------+-------++-------
Melee: Whip              |    45 |    16 ||    61
 Cast: Sandblast         |    29 |    35 ||    64
       Stone Arrow       |       |     1 ||     1
  Use: Potion            |       |     5 ||     5
 Stab: Sleeping          |     3 |       ||     3
Armor: Robe              |    23 |    19 ||    42
Dodge: Dodged            |    39 |    21 ||    60
